 Dungeon Crawl Stone Soup version 0.30-a0-883-g5ad918d77d (webtiles) character file.

Game seed: 13564891404348896272

2320 Morbidden the Insei (level 9, -4/58 HPs)
             Began as an Octopode Transmuter on Mar 15, 2023.
             Was a Follower of Cheibriados.
             Slain by a sky beast (6 damage)
             ... on level 6 of the Dungeon.
             The game lasted 00:09:13 (8038 turns).

Morbidden the Insei (Octopode Transmuter)           Turns: 8038, Time: 00:09:15

Health: -4/58      AC:  1    Str: 18    XL:     9   Next: 41%
Magic:  15/15      EV: 14    Int: 23    God:    Cheibriados [*.....]
Gold:   185        SH:  0    Dex: 15    Spells: 8/16 levels left

rFire   . . .      SeeInvis .      - Unarmed
rCold   . . .      Faith    .    (no shield)
rNeg    + . .      Spirit   .    (helmet restricted)
rPois   .          Reflect  .    (no amulet)
rElec   .          Rampage  .    d - ring of positive energy
rCorr   .                        o - +6 ring of strength
Will    .....                    (no ring)
Stlth   ++++                     (no ring)
HPRegen 0.29/turn                (no ring)
MPRegen 0.14/turn                (no ring)
                                 (no ring)
                                 (no ring)

@: very slow
A: almost no armour, amphibious, 8 rings, camouflage 1, gelatinous body 1,
(nimble swimmer 1), tentacles
a: Renounce Religion, Bend Time


You were on level 6 of the Dungeon.
You worshipped Cheibriados.
Cheibriados was aware of your devotion.
You visited 2 branches of the dungeon, and saw 8 of its levels.

You collected 315 gold pieces.
You spent 130 gold pieces at shops.

Inventory:

Missiles
 s - 5 poisoned darts
 t - a throwing net
Jewellery
 d - a ring of positive energy (left tentacle)
 o - a +6 ring of strength (right tentacle)
Wands
 n - a wand of roots (12)
Scrolls
 b - 2 scrolls of noise {unknown}
 c - 2 scrolls of teleportation {unknown}
 f - 2 scrolls of brand weapon {unknown}
 g - 2 scrolls of magic mapping {unknown}
 i - 2 scrolls of enchant armour {unknown}
 j - 4 scrolls of identify {unknown}
 k - 2 scrolls of torment {unknown}
 m - 4 scrolls of amnesia {unknown}
 p - 3 scrolls of fog {unknown}
 q - a scroll of blinking {unknown}
 x - a scroll of fear {unknown}
Potions
 e - a potion of ambrosia {unknown}
 h - 2 potions of flight
 l - a potion of cancellation
 r - a potion of curing
 u - a potion of resistance {unknown}
 v - a potion of heal wounds {unknown}
 w - a potion of mutation {unknown}


   Skills:
 * Level 3.9 Fighting
 * Level 4.3 Dodging
 + Level 3.8 Stealth
 * Level 7.5 Unarmed Combat
 * Level 4.2 Spellcasting
 * Level 3.9 Transmutations
 * Level 2.5 Ice Magic
 * Level 3.9 Poison Magic
 * Level 2.0 Invocations
 * Level 2.9 Evocations


You had 8 spell levels left.
You knew the following spells:

 Your Spells              Type           Power      Damage    Failure   Level
a - Beastly Appendage     Tmut           44%        N/A       1%          1
b - Spider Form           Tmut/Pois      22%        N/A       6%          3
c - Ice Form              Ice/Tmut       19%        N/A       26%         4

Your spell library contained the following spells:

 Spells                   Type           Power      Damage    Failure   Level
 Wereblood                Tmut           22%        N/A       3%          2


Dungeon Overview and Level Annotations

Branches:
Dungeon (7/15)             Temple (1/1) D:4

Altars:
Ashenzari
Cheibriados
Dithmenos
Elyvilon
Gozag
Hepliaklqana
Kikubaaqudgha
Makhleb
Nemelex Xobeh
Okawaru
Qazlal
Sif Muna
Trog
Uskayaw
Vehumet
Wu Jian

Shops:
D:4 =   D:5 *   D:7 :


Innate Abilities, Weirdness & Mutations

You cannot wear most types of armour.
You are amphibious.
You can wear up to eight rings at the same time.
Your skin changes colour to match your surroundings (Stealth+).
Your rubbery body absorbs attacks. (AC +1, EV +1)
((You are camouflaged when in or above water. (Stealth+)))
You have tentacles for arms and can constrict up to eight enemies at once.


Message History

Unknown command.
You barely miss the sky beast.
Your transformation is almost over.
The sky beast hits you.
* * * LOW HITPOINT WARNING * * *
The sky beast shocks you.
* * * LOW HITPOINT WARNING * * *
The kobold brigand hits you but does no damage.
The sky beast hits you but does no damage.
The kobold brigand hits you with a +0 short sword.
* * * LOW HITPOINT WARNING * * *
Unknown command.
You hit the sky beast. You freeze the sky beast.
The sky beast is moderately wounded.
The sky beast flickers out of sight!
Deactivating autopickup; reactivate with Ctrl-A.
Something hits you but does no damage.
The kobold brigand hits you with a +0 short sword.
* * * LOW HITPOINT WARNING * * *
Unknown command.
Really quaff the potion of lignification?
You warm up again.
You turn into a tree.
Your roots penetrate the ground.
Something hits you but does no damage.
The kobold brigand hits you but does no damage.
Unknown command.
Unknown command.
It was a potion of cancellation.
Your magical effects are unravelling.
You feel magically purged.
You feel less wooden.
You feel yourself speed up.
A sky beast appears from thin air!
Reactivating autopickup.
The sky beast barely misses you.
The kobold brigand hits you with a +0 short sword.
* * * LOW HITPOINT WARNING * * *
The sky beast hits you.
* * * LOW HITPOINT WARNING * * *
The sky beast shocks you.
You die...

#.....#...'....#...#...
#.....#...####'###'###'
#######.....#..###..#.......#
#......######..###..#.......#
#....#....#......'..+###+###'
#....#....#......#..#.+...'.#
##....#.##.###..###..#.#...#.#
#....#####.###..#.'##+.#._.#.'
#....#..'...Y@K...#..#.#...#.#
#....#..#........##..#.'...+.#
####....#..##'####'#.'..'###'###+
....>.<.#..#.........#..#.......#
........#..#.........#..#.......#
........#..#.........###'###'###'
........####..................#..
###..................#####....#..
#..................'...+....#..


You could see a sky beast and a kobold brigand.

Vanquished Creatures
  Grinder (D:3)
  Eustachio (D:6)
  2 ice beasts
  3 black bears
  2 ogres
  A centaur (D:6)
  A kobold brigand (D:5)
  3 bullfrogs
  A scorpion (D:5)
  3 wights
  3 jellies
  4 howler monkeys
  A gnoll bouda (D:5)
  3 hounds (D:5)
  2 sleepcaps (D:6)
  Terence (D:2)
  3 iguanas
  2 orc wizards
  Robin (D:3)
  3 gnolls (D:5)
  4 adders
  3 white imps
  5 ufetubi
  2 worms
  2 dart slugs
  12 orcs
  8 ball pythons
  7 bats
  7 endoplasms
  5 giant cockroaches
  16 goblins
  8 hobgoblins
  8 kobolds
  4 quokkas
  4 frilled lizards
  6 rats
142 creatures vanquished.

Notes
Turn   | Place    | Note
-------+----------+-------------------------------------------
     0 | D:1      | Morbidden the Octopode Transmuter began the quest for the
                  | Orb.
     0 | D:1      | Reached XP level 1. HP: 13/13 MP: 3/3
   102 | D:1      | Reached XP level 2. HP: 18/18 MP: 5/5
   264 | D:1      | Reached XP level 3. HP: 24/24 MP: 6/6
   406 | D:1      | HP: 1/24 [goblin/+0 dagger (1)]
  1062 | D:2      | Noticed Terence
  1070 | D:2      | Learned a level 3 spell: Spider Form
  1088 | D:2      | Killed Terence
  1089 | D:2      | Reached XP level 4. HP: 20/29 MP: 4/7
  1156 | D:2      | Reached skill level 1 in Stealth
  1489 | D:2      | Reached skill level 4 in Unarmed Combat
  1781 | D:3      | Noticed Grinder
  1793 | D:3      | Killed Grinder
  1794 | D:3      | Reached skill level 1 in Poison Magic
  1794 | D:3      | Reached XP level 5. HP: 19/34 MP: 8/8
  1794 | D:3      | Reached XP level 6. HP: 22/39 MP: 9/9
  2577 | D:3      | Noticed Robin
  3149 | D:3      | Killed Robin
  3150 | D:3      | Reached skill level 5 in Unarmed Combat
  3989 | D:4      | Found Ekholud's Jewellery Boutique.
  4059 | D:4      | Found a staircase to the Ecumenical Temple.
  4071 | Temple   | Entered the Ecumenical Temple
  4164 | D:4      | Reached XP level 7. HP: 45/45 MP: 6/11
  4237 | D:4      | Learned a level 4 spell: Ice Form
  4427 | D:4      | Found a burning altar of Makhleb.
  4491 | D:4      | Found a hide-covered altar of Uskayaw.
  4549 | D:5      | Entered Level 5 of the Dungeon
  4738 | D:5      | Reached skill level 1 in Evocations
  4772 | D:5      | Found Casito Biseo's Assorted Antiques.
  4780 | D:5      | Bought a dented cabochon amulet for 130 gold pieces
  4805 | D:5      | Reached skill level 1 in Ice Magic
  4953 | D:5      | Found a stormy altar of Qazlal.
  4959 | D:5      | Reached XP level 8. HP: 43/51 MP: 5/12
  4965 | D:5      | Reached skill level 6 in Unarmed Combat
  5130 | D:5      | Found a shadowy altar of Dithmenos.
  5359 | D:5      | Found an ornate altar of the Wu Jian Council.
  5359 | D:5      | Found a snail-covered altar of Cheibriados.
  5367 | D:5      | Became a worshipper of Cheibriados the Contemplative
  5492 | D:5      | Found a white marble altar of Elyvilon.
  6069 | D:6      | Noticed Eustachio
  6080 | D:6      | Killed Eustachio
  6175 | D:6      | Reached skill level 7 in Unarmed Combat
  6256 | D:6      | Found a shimmering blue altar of Sif Muna.
  6288 | D:6      | Reached skill level 1 in Invocations
  6301 | D:6      | Reached * piety under Cheibriados
  6302 | D:6      | Reached XP level 9. HP: 9/57 MP: 10/15
  7880 | D:5      | Noticed a rust devil
  7880 | D:5      | Noticed a rust devil
  7964 | D:7      | Found Qavvoarch's Book Shop.
  8038 | D:6      | HP: 2/58 [sky beast (1)]
  8038 | D:6      | Slain by a sky beast

Illustrated notes

Levels and vault maps discovered:
D:1:      shiori_arrival_elements, layout_basic
D:2:      layout_loops_ring, uniq_terence
D:3:      layout_basic, uniq_robin, uniq_grinder
D:4:      cheibrodos_helix_gallery, layout_rooms, general_overflow_altar,
          nicolae_uskayaw_suspiria, minmay_temple_entry_trees, serial_shops,
          nicolae_square_shop
D:5:      cheibrodos_iron_armory, layout_loops_corners,
          mainiacjoe_overflow_cross_hatched, old_standard_altar,
          mainiacjoe_overflow_divided_tiny, serial_shops, shop,
          minmay_ruined_shrine
D:6:      layout_gridville, mainiacjoe_overflow_24_doors, uniq_eustachio
D:7:      layout_cave_pools, nicolae_tso_swordbearing_angel, serial_shops, shop,
          kennysheep_little_box, kennysheep_mini
Temple:   nicolae_temple_ecumenical_triangle

Skill      XL: |  1  2  3  4  5  6  7  8  9 |
---------------+----------------------------+-----
Stealth        | 2 3 |  3.8
Unarmed Combat | 4 5 7 |  7.5
Fighting       | 2 3 |  3.9
Poison Magic   | 1 2 3 |  3.9
Dodging        | 3 4 |  4.3
Transmutations | 3 |  3.9
Spellcasting   | 3 4 |  4.2
Evocations     | 1 2 |  2.9
Ice Magic      | 1 2 |  2.5
Invocations    | 1 2 |  2.0

Action                     |  1- 3 |  4- 6 |  7- 9 || total
---------------------------+-------+-------+-------++-------
  Melee: Unarmed           |    71 |   107 |   190 ||   368
         Constrict         |    17 |    25 |    17 ||    59
         Kick              |     2 |     3 |     6 ||    11
         Tentacles         |    12 |    18 |    11 ||    41
         Punch             |     3 |     3 |     4 ||    10
   Cast: Beastly Appendage |     4 |     4 |     4 ||    12
         Spider Form       |     1 |     2 |    10 ||    13
         Ice Form          |       |       |     3 ||     3
  Evoke: Wand              |       |       |     2 ||     2
    Use: Potion            |       |       |     6 ||     6
   Stab: Sleeping          |     4 |    10 |     6 ||    20
 Armour: Skin              |     4 |     7 |    37 ||    48
  Dodge: Dodged            |    42 |    53 |   197 ||   292

Table legend: (Time is in decaauts)
 A = Elapsed time spent in this place.
 B = Non-inter-level travel time spent in this place.
 C = Inter-level travel time spent in this place.
 D = Time resting spent in this place.
 E = Time spent auto-exploring this place.
 F = Levels seen in this place.
 G = Mean time per level.
                   A        B        C        D        E       F      G
               +--------+--------+--------+--------+--------+-----+--------+
         Total |   8385 |   8217 |    168 |   1615 |   5508 |   8 | 1048.1 |
       Dungeon |   8340 |   8173 |    167 |   1615 |   5473 |   7 | 1191.4 |
        Temple |     44 |     43 |      1 |      0 |     35 |   1 |   44.0 |
               +--------+--------+--------+--------+--------+-----+--------+

Top non-repeatable levels by time:
     D:3: 2218 daAuts
     D:5: 1875 daAuts
     D:6: 1815 daAuts
     D:1: 966 daAuts
     D:2: 772 daAuts
     D:4: 643 daAuts
     D:7: 48 daAuts
  Temple: 44 daAuts
